IL
ROCHESTER RED WINGS @ CHARLOTTE KNIGHTS
08/13/2045
 
TOP OF THE 1ST
Rochester Red Wings batting - Pitching for Charlotte Knights : RHP Andy Gibson
Pitching: RHP Andy Gibson
Batting: RHB Josh Zoglmann 0-0: Called Strike
0-1: Called Strike
0-2: Ball
1-2: Ball
2-2: Foul Ball, location: 2F
2-2: Ground out 6-3 (Groundball, 6, EV 82.5 MPH)
Batting: LHB Shu-yen Guo 0-0: Ground out 4-3 (Groundball, 4, EV 88.1 MPH)
Batting: LHB Matt Patnaude 0-0: Ball
1-0: Called Strike
1-1: Ball
2-1: Ball
3-1: Fly out, F4 (Line Drive, 4, EV 68.1 MPH)
Top of the 1st over - 0 runs, 0 hits, 0 errors, 0 left on base; Rochester 0 - Charlotte 0
BOTTOM OF THE 1ST
Charlotte Knights batting - Pitching for Rochester Red Wings : RHP Fernando Macias
Pitching: RHP Fernando Macias
Batting: RHB Steve Martin 0-0: Ball
1-0: Ball
2-0: Ball
3-0: SINGLE (Groundball, 6MD, EV 95.0 MPH)
Batting: LHB Angel Tellez 0-0: Ball
Steve Martin steals 2nd base
1-0: Ball
2-0: Ball
3-0: Base on Balls
Batting: LHB Hirakito Herring 0-0: Called Strike
0-1: Ball
1-1: Ball
2-1: Ball
Wild Pitch!
Steve Martin to third
Angel Tellez to second
3-1: Base on Balls
Batting: LHB Ryan Karg 0-0: Called Strike
0-1: Swinging Strike
0-2: Ball
1-2: Strikes out swinging
Batting: LHB John Thurman 0-0: Called Strike
0-1: Ball
1-1: Ball
2-1: Fielders Choice at 2nd, 3-6 (Groundball, 3, EV 78.1 MPH)
Steve Martin scores
Angel Tellez to third
Pitching: RHP Antonio Alcaraz
Batting: LHB Kevin Rolison 0-0: Fly out, F8 (Flyball, 78M, EV 88.1 MPH)
Bottom of the 1st over - 1 run, 1 hit, 0 errors, 2 left on base; Rochester 0 - Charlotte 1
TOP OF THE 2ND
Rochester Red Wings batting - Pitching for Charlotte Knights : RHP Andy Gibson
Batting: LHB Steve Roepke 0-0: Foul Ball, location: 2F
0-1: Foul Ball, location: 2F
0-2: Strikes out swinging
Batting: LHB Armando Rendon 0-0: SOLO HOME RUN (Flyball, 89XD, EV 107.5 MPH), Distance : 419 ft
Batting: SHB Aaron Tatar 0-0: Ground out 4-3 (Groundball, 4M, EV 96.9 MPH)
Batting: RHB Joe Zimmerman 0-0: Called Strike
0-1: Ball
1-1: Ball
2-1: Called Strike
2-2: Ground out 4-3 (Groundball, 4, EV 85.6 MPH)
Top of the 2nd over - 1 run, 1 hit, 0 errors, 0 left on base; Rochester 1 - Charlotte 1
BOTTOM OF THE 2ND
Charlotte Knights batting - Pitching for Rochester Red Wings : RHP Antonio Alcaraz
Batting: RHB Micah Brown 0-0: Ball
1-0: SINGLE (Groundball, 4MD, EV 98.8 MPH)
Batting: RHB Doug Lane 0-0: Foul Ball, location: 2F
0-1: Ball
1-1: Foul Ball, location: 2F
1-2: Foul Ball, location: 2F
1-2: Fly out, F4 (Popup, 4M, EV 69.4 MPH)
Batting: LHB James Betron 0-0: Ball
1-0: Ball
2-0: Foul Ball, location: 2F
2-1: Called Strike
2-2: Ball
3-2: Base on Balls
Micah Brown to second
Batting: RHB Steve Martin 0-0: Foul Ball, location: 2F
0-1: Called Strike
0-2: Ball
1-2: Ball
2-2: Foul Ball, location: 2F
2-2: Foul Ball, location: 2F
2-2: Ball
3-2: Foul Ball, location: 2F
3-2: SINGLE (Line Drive, 9S, EV 101.9 MPH)
Micah Brown to third
James Betron to second
Pitching: RHP Mike Ferry
Batting: LHB Angel Tellez 0-0: SINGLE (Groundball, 6MD, EV 110.0 MPH)
Micah Brown scores
James Betron to third
Steve Martin to second
Runner from 3rd tries for Home, SAFE, throw by CF to home
Batting: LHB Hirakito Herring 0-0: Called Strike
0-1: DOUBLE (Groundball, 5D, EV 108.1 MPH)
Steve Martin scores
Angel Tellez to third
Batting: LHB Ryan Karg 0-0: Ball
1-0: Swinging Strike
1-1: Ball
2-1: Foul Ball, location: 2F
2-2: Ball
Wild Pitch!
Angel Tellez scores
Hirakito Herring to third
3-2: Fly out, F9 (Line Drive, 9, EV 93.1 MPH)
Runner from 3rd tags up, SCORES, no throw by RF
Batting: LHB John Thurman 0-0: Ball
1-0: Foul Ball, location: 2F
1-1: Ball
2-1: SOLO HOME RUN (Flyball, 9D, EV 99.4 MPH), Distance : 371 ft
Batting: LHB Kevin Rolison 0-0: Ball
1-0: SOLO HOME RUN (Line Drive, 9LD, EV 93.1 MPH), Distance : 348 ft
Pitching: LHP Pete Zamarron
Batting: RHB Micah Brown 0-0: Foul Ball, location: 2F
0-1: Ball
1-1: Ground out U3 (Groundball, 34, EV 86.9 MPH)
Bottom of the 2nd over - 7 runs, 6 hits, 0 errors, 0 left on base; Rochester 1 - Charlotte 8
TOP OF THE 3RD
Rochester Red Wings batting - Pitching for Charlotte Knights : RHP Andy Gibson
Batting: SHB Kamiel Akkerman 0-0: Ball
1-0: Called Strike
1-1: Foul Ball, location: 2F
1-2: Ball
2-2: Ball
3-2: Strikes out swinging
Batting: RHB Alvin Wiederhold 0-0: Ball
1-0: Foul Ball, location: 2F
1-1: Called Strike
1-2: Strikes out looking
Batting: RHB Josh Zoglmann 0-0: Called Strike
0-1: Ball
1-1: Ball
2-1: SINGLE (Flyball, 4MD, EV 88.8 MPH)
Batting: LHB Shu-yen Guo 0-0: Ground out 4-3 (Groundball, 4, EV 83.8 MPH)
Top of the 3rd over - 0 runs, 1 hit, 0 errors, 1 left on base; Rochester 1 - Charlotte 8
BOTTOM OF THE 3RD
Charlotte Knights batting - Pitching for Rochester Red Wings : LHP Pete Zamarron
Batting: RHB Doug Lane 0-0: Called Strike
0-1: Foul Ball, location: 2F
0-2: Strikes out looking
Batting: LHB James Betron 0-0: Swinging Strike
0-1: Called Strike
0-2: SINGLE (Groundball, 3S, EV 63.1 MPH) (infield hit)
Batting: RHB Steve Martin 0-0: Ball
1-0: Ball
2-0: Called Strike
2-1: DOUBLE (Line Drive, 3D, EV 94.4 MPH)
James Betron to third
Runner from 3rd tries for Home, throw by RF and OUT! 9-4-2
Steve Martin to third
Batting: LHB Angel Tellez 0-0: Ball
1-0: Ground out 4-3 (Groundball, 4, EV 86.9 MPH)
Bottom of the 3rd over - 0 runs, 2 hits, 0 errors, 1 left on base; Rochester 1 - Charlotte 8
TOP OF THE 4TH
Rochester Red Wings batting - Pitching for Charlotte Knights : RHP Andy Gibson
Batting: LHB Matt Patnaude 0-0: SINGLE (Groundball, 34D, EV 98.1 MPH)
Batting: LHB Steve Roepke 0-0: Fielders Choice at 2nd, 3-6 (Groundball, 34, EV 88.1 MPH)
Batting: LHB Armando Rendon 0-0: Foul Ball, location: 2F
0-1: Foul Ball, location: 2F
0-2: Ball
1-2: Ball
2-2: Foul Ball, location: 2F
2-2: Fielders Choice at 2nd, 3-6 (Groundball, 34S, EV 90.0 MPH)
Batting: SHB Aaron Tatar 0-0: Swinging Strike
0-1: Swinging Strike
0-2: Ball
1-2: Strikes out looking
Top of the 4th over - 0 runs, 1 hit, 0 errors, 1 left on base; Rochester 1 - Charlotte 8
BOTTOM OF THE 4TH
Charlotte Knights batting - Pitching for Rochester Red Wings : LHP Pete Zamarron
Batting: LHB Hirakito Herring 0-0: Foul Ball, location: 2F
0-1: Ball
1-1: Ground out 5-3 (Groundball, 56S, EV 82.5 MPH)
Pitching: LHP Inkei Wakamatsu
Batting: LHB Ryan Karg 0-0: Ball
1-0: Called Strike
1-1: Hit by Pitch
Batting: LHB John Thurman 0-0: Called Strike
0-1: SINGLE (Flyball, 3D, EV 90.0 MPH)
Ryan Karg to second
Batting: LHB Kevin Rolison 0-0: Called Strike
0-1: Ball
1-1: Grounds into double play, 5-4-3 (Groundball, 5, EV 83.8 MPH)
Bottom of the 4th over - 0 runs, 1 hit, 0 errors, 1 left on base; Rochester 1 - Charlotte 8
TOP OF THE 5TH
Rochester Red Wings batting - Pitching for Charlotte Knights : RHP Andy Gibson
Batting: RHB Joe Zimmerman 0-0: Ball
1-0: Ball
2-0: Foul Ball, location: 2F
2-1: Ball
3-1: Base on Balls
Batting: SHB Kamiel Akkerman 0-0: Called Strike
Joe Zimmerman steals 2nd base
0-1: Foul Ball, location: 2F
0-2: Strikes out swinging passed ball, reaches first!
Joe Zimmerman to third
Batting: RHB Alvin Wiederhold 0-0: Ball
1-0: DOUBLE (Line Drive, 89M, EV 98.1 MPH)
Joe Zimmerman scores
Kamiel Akkerman to third
Runner from 3rd tries for Home, SAFE, no throw by CF
Batting: RHB Josh Zoglmann 0-0: Called Strike
0-1: Foul Ball, location: 2F
0-2: Strikes out swinging
Batting: LHB Shu-yen Guo 0-0: Called Strike
0-1: Foul Ball, location: 2F
0-2: Strikes out swinging
Batting: LHB Matt Patnaude 0-0: Ball
1-0: Called Strike
1-1: Ball
2-1: Called Strike
2-2: Strikes out swinging
Top of the 5th over - 2 runs, 1 hit, 0 errors, 1 left on base; Rochester 3 - Charlotte 8
BOTTOM OF THE 5TH
Charlotte Knights batting - Pitching for Rochester Red Wings : LHP Inkei Wakamatsu
Batting: RHB Micah Brown 0-0: Ball
1-0: Called Strike
1-1: Foul Ball, location: 2F
1-2: Foul Ball, location: 2F
1-2: Ball
2-2: SINGLE (Groundball, 56D, EV 95.6 MPH)
Batting: RHB Doug Lane 0-0: Ball
1-0: Ball
2-0: Swinging Strike
2-1: Foul Ball, location: 2F
2-2: Foul Ball, location: 2F
2-2: SINGLE (Line Drive, 8LS, EV 95.0 MPH)
Micah Brown to second
Pitching: RHP Matt Gray
Batting: LHB James Betron 0-0: Ball
1-0: SINGLE (Groundball, 4D, EV 99.4 MPH)
Micah Brown to third
Doug Lane to second
Runner from 3rd tries for Home, SAFE, throw by CF to home
Batting: RHB Steve Martin 0-0: Foul Ball, location: 2F
0-1: Ball
1-1: Called Strike
1-2: Ball
2-2: Ball
3-2: Strikes out swinging
Batting: LHB Angel Tellez 0-0: Called Strike
0-1: Swinging Strike
0-2: Strikes out swinging
Batting: LHB Hirakito Herring 0-0: Called Strike
0-1: Called Strike
0-2: Ball
1-2: Foul Ball, location: 2F
1-2: SINGLE (Line Drive, 8LS, EV 103.1 MPH)
Doug Lane to third
James Betron to second
Batting: LHB Ryan Karg 0-0: DOUBLE (Flyball, 89D, EV 114.4 MPH)
Doug Lane scores
James Betron scores
Hirakito Herring to third
Runner from 3rd tries for Home, SAFE, no throw by RF
Batting: LHB John Thurman 0-0: Ball
1-0: Ball
2-0: Foul Ball, location: 2F
2-1: Called Strike
2-2: SINGLE (Groundball, 34D, EV 107.5 MPH)
Ryan Karg to third
Runner from 3rd tries for Home, SAFE, throw by RF to home
Pitching: RHP Rich Nunez
Batting: LHB Kevin Rolison 0-0: Ball
1-0: Ground out 5-3 (Groundball, 56S, EV 63.8 MPH)
Bottom of the 5th over - 5 runs, 6 hits, 0 errors, 1 left on base; Rochester 3 - Charlotte 13
TOP OF THE 6TH
Rochester Red Wings batting - Pitching for Charlotte Knights : RHP Andy Gibson
Batting: LHB Steve Roepke 0-0: Ball
1-0: Ball
2-0: Ball
3-0: Called Strike
3-1: Foul Ball, location: 2F
3-2: Base on Balls
Batting: LHB Armando Rendon 0-0: Ball
1-0: Called Strike
1-1: Foul Ball, location: 2F
1-2: Ball
2-2: Foul Ball, location: 2F
2-2: Ground out U3 (Groundball, 3S, EV 70.6 MPH)
Steve Roepke to second
Batting: SHB Aaron Tatar 0-0: Ball
1-0: Swinging Strike
1-1: Ball
2-1: Swinging Strike
2-2: Ball
3-2: Strikes out swinging
Batting: RHB Joe Zimmerman 0-0: Ground out 5-3 (Groundball, 5L, EV 87.5 MPH)
Top of the 6th over - 0 runs, 0 hits, 0 errors, 1 left on base; Rochester 3 - Charlotte 13
BOTTOM OF THE 6TH
Charlotte Knights batting - Pitching for Rochester Red Wings : RHP Rich Nunez
Batting: RHB Micah Brown 0-0: Ball
1-0: Ground out 5-3 (Groundball, 5, EV 95.6 MPH)
Batting: RHB Doug Lane 0-0: Ball
1-0: SINGLE (Flyball, 89S, EV 96.2 MPH)
Batting: LHB James Betron 0-0: Ball
1-0: SINGLE (Line Drive, 34D, EV 95.6 MPH)
Doug Lane to second
Batting: RHB Steve Martin 0-0: Ball
1-0: Grounds into double play, 6-4-3 (Groundball, 6, EV 89.4 MPH)
Bottom of the 6th over - 0 runs, 2 hits, 0 errors, 1 left on base; Rochester 3 - Charlotte 13
TOP OF THE 7TH
Rochester Red Wings batting - Pitching for Charlotte Knights : RHP Andy Gibson
Batting: SHB Kamiel Akkerman 0-0: Called Strike
0-1: Ball
1-1: Swinging Strike
1-2: Ball
2-2: Ball
3-2: Strikes out swinging
Batting: RHB Alvin Wiederhold 0-0: Ball
1-0: Swinging Strike
1-1: DOUBLE (Line Drive, 9LS, EV 90.6 MPH)
Batting: RHB Josh Zoglmann 0-0: Ball
1-0: Swinging Strike
1-1: Ball
2-1: SINGLE (Groundball, 4MD, EV 102.5 MPH)
Alvin Wiederhold to third
Runner from 3rd tries for Home, SAFE, throw by CF to home
Josh Zoglmann to second
Pitching: RHP Katsuyoshi Yoshikawa
Batting: LHB Shu-yen Guo 0-0: Called Strike
0-1: Ball
1-1: Ball
2-1: Fly out, F7 (Line Drive, 7, EV 103.1 MPH)
Pinch Hitting: RHB Gustavo Mendiola 0-0: Ball
1-0: Fly out, F8 (Flyball, 8LXD, EV 99.4 MPH)
Top of the 7th over - 1 run, 2 hits, 0 errors, 1 left on base; Rochester 4 - Charlotte 13
BOTTOM OF THE 7TH
Charlotte Knights batting - Pitching for Rochester Red Wings : RHP Rich Nunez
Now in LF: Gustavo Mendiola
Now in CF: Joe Zimmerman
Batting: LHB Angel Tellez 0-0: Called Strike
0-1: Foul Ball, location: 2F
0-2: Ball
1-2: Ball
2-2: Fly out, F8 (Line Drive, 8RM, EV 88.8 MPH)
Pinch Hitting: RHB Herb Craig 0-0: Foul Ball, location: 2F
0-1: SINGLE (Groundball, 34D, EV 108.1 MPH)
Batting: LHB Ryan Karg 0-0: Swinging Strike
0-1: 2-RUN HOME RUN (Flyball, 89XD, EV 109.4 MPH), Distance : 416 ft
Pitching: RHP Takashi Yamada
Batting: LHB John Thurman 0-0: Called Strike
0-1: Foul Ball, location: 2F
0-2: Ball
1-2: Ball
2-2: Foul Ball, location: 2F
2-2: Ball
3-2: Base on Balls
Batting: LHB Kevin Rolison 0-0: Called Strike
0-1: Ball
1-1: Ground out 3-1 (Groundball, 34S, EV 67.5 MPH)
John Thurman to second
Batting: RHB Micah Brown 0-0: Ball
1-0: Ball
2-0: Ball
3-0: Called Strike
3-1: Base on Balls
Batting: RHB Doug Lane 0-0: Called Strike
0-1: Ball
1-1: Called Strike
1-2: Fly out, F4 (Popup, 3DF, EV 52.5 MPH)
Bottom of the 7th over - 2 runs, 2 hits, 0 errors, 2 left on base; Rochester 4 - Charlotte 15
TOP OF THE 8TH
Rochester Red Wings batting - Pitching for Charlotte Knights : RHP Katsuyoshi Yoshikawa
Now at 3B: Herb Craig
Now at SS: Micah Brown
Batting: LHB Steve Roepke 0-0: Ball
1-0: Called Strike
1-1: Swinging Strike
1-2: Ground out 4-3 (Groundball, 4, EV 106.9 MPH)
Batting: LHB Armando Rendon 0-0: Foul Ball, location: 2F
0-1: Foul Ball, location: 2F
0-2: Foul Ball, location: 2F
0-2: Ball
1-2: Strikes out swinging
Batting: SHB Aaron Tatar 0-0: Ball
1-0: Ball
2-0: Called Strike
2-1: Ball
3-1: Foul Ball, location: 2F
3-2: Base on Balls
Batting: RHB Joe Zimmerman 0-0: Ball
1-0: Ball
2-0: Foul Ball, location: 2F
2-1: Foul Ball, location: 2F
2-2: 2-RUN HOME RUN (Flyball, 9D, EV 95.6 MPH), Distance : 363 ft
Batting: SHB Kamiel Akkerman 0-0: SOLO HOME RUN (Flyball, 9LD, EV 95.6 MPH), Distance : 331 ft
Batting: RHB Alvin Wiederhold 0-0: Ball
1-0: Swinging Strike
1-1: Ground out U3 (Groundball, 3, EV 100.6 MPH)
Top of the 8th over - 3 runs, 2 hits, 0 errors, 0 left on base; Rochester 7 - Charlotte 15
BOTTOM OF THE 8TH
Charlotte Knights batting - Pitching for Rochester Red Wings : RHP Takashi Yamada
Batting: LHB James Betron 0-0: Called Strike
0-1: Ball
1-1: Ball
2-1: Ground out 6-3 (Groundball, 4MS, EV 81.2 MPH)
Batting: RHB Steve Martin 0-0: Ball
1-0: Called Strike
1-1: Ball
2-1: Ball
3-1: Base on Balls
Batting: LHB Angel Tellez 0-0: Called Strike
0-1: Foul Ball, location: 2F
0-2: Ball
1-2: Foul Ball, location: 2F
1-2: Fly out, F8 (Flyball, 8LM, EV 88.8 MPH)
Batting: RHB Herb Craig 0-0: Ball
1-0: Called Strike
1-1: Foul Ball, location: 2F
1-2: Ball
2-2: Ball
3-2: Foul Ball, location: 2F
3-2: Ground out 6-3 (Groundball, P, EV 85.0 MPH)
Bottom of the 8th over - 0 runs, 0 hits, 0 errors, 1 left on base; Rochester 7 - Charlotte 15
TOP OF THE 9TH
Rochester Red Wings batting - Pitching for Charlotte Knights : RHP Katsuyoshi Yoshikawa
Batting: RHB Josh Zoglmann 0-0: Ball
1-0: Called Strike
1-1: Swinging Strike
1-2: Foul Ball, location: 2F
1-2: Ball
2-2: Ball
3-2: Ground out 4-3 (Groundball, 4, EV 105.6 MPH)
Batting: LHB Shu-yen Guo 0-0: Called Strike
0-1: Foul Ball, location: 2F
0-2: Strikes out swinging
Batting: RHB Gustavo Mendiola 0-0: Called Strike
0-1: Ball
1-1: Called Strike
1-2: Strikes out swinging
Top of the 9th over - 0 runs, 0 hits, 0 errors, 0 left on base; Rochester 7 - Charlotte 15
Wednesday, June 22nd , 2022 - OOTP Baseball 23.4 Build 64